 Dungeon Crawl Stone Soup version 0.20.1-1-g8b1a95d (webtiles) character file.

100 Nattfarinn the Skirmisher (level 4, -1/45 HPs)
             Began as a Gargoyle Berserker on Aug 1, 2017.
             Was a Believer of Trog.
             Slain by a wyvern (12 damage)
             ... on level 3 of the Dungeon.
             The game lasted 00:02:52 (2131 turns).

Nattfarinn the Skirmisher (Gargoyle Berserker)      Turns: 2131, Time: 00:02:53

Health: -1/45      AC: 15    Str: 25    XL:     4   Next: 73%
Magic:  4/4        EV:  7    Int:  8    God:    Trog [**....]
Gold:   156        SH:  0    Dex: 10    Spells: 3/3 levels left

rFire    . . .     SeeInvis .   e - +0 hand axe (flame)
rCold    . . .     Gourm    .   (no shield)
rNeg     + . .     Faith    .   p - +0 plate armour
rPois    ∞         Spirit   .   (no helmet)
rElec    +         Reflect  .   (no cloak)
rCorr    .         Harm     .   (no gloves)
MR       .....                  (no boots)
Stlth    ..........             l - amulet of magic regeneration
Regen    0.2/turn               (no ring)
MPRegen  0.2/turn               (no ring)

@: berserking, very quick
A: negative energy resistance 1, electricity resistance, unbreathing,
petrification resistance, rot immunity, AC +3
a: Berserk, Trog's Hand, Burn Spellbooks, Renounce Religion


You were on level 3 of the Dungeon.
You worshipped Trog.
Trog was pleased with you.
You were hungry.

You visited 1 branch of the dungeon, and saw 3 of its levels.

You collected 156 gold pieces.

Inventory:

Hand Weapons
 a - a +0 mace
 e - a +0 hand axe of flaming (weapon)
Armour
 b - a +0 animal skin
 o - a +0 ring mail
 p - a +0 plate armour (worn)
Jewellery
 l - an amulet of magic regeneration (around neck)
Scrolls
 d - 2 scrolls of identify {unknown}
 g - a scroll of remove curse {unknown}
 h - a scroll of noise {unknown}
 j - 2 scrolls of teleportation {unknown}
 k - a scroll of fog {unknown}
 r - a scroll of immolation {unknown}
 t - a scroll of amnesia {unknown}
 u - a scroll of fear {unknown}
Potions
 i - 2 potions of agility {unknown}
 n - 2 potions of haste {unknown}
 q - 2 potions of lignification {unknown}
 s - a potion of curing {unknown}
Comestibles
 c - 2 bread rations
 f - 2 meat rations
 m - 3 fruits


   Skills:
 * Level 4.4 Fighting
 + Level 1.4(2.4) Axes
 + Level 3.2(3.4) Maces & Flails
 * Level 3.1 Armour
 + Level 1.9 Dodging


You had 3 spell levels left.
You didn't know any spells.

Dungeon Overview and Level Annotations

Branches:
Dungeon (3/15)

Altars:
Qazlal


Innate Abilities, Weirdness & Mutations

You are resistant to torment.
Your stone body is resilient. (AC +3)
You are immune to poison.
You resist negative energy. (rN+)
You are resistant to electric shocks. (rElec)
You can survive without breathing.
You are immune to petrification.
You are immune to rotting.


Message History

You hit the wyvern. You burn the wyvern.
The wyvern is lightly wounded.
The wyvern bites you but does no damage.
The wyvern bites you.
Your plate armour prevents you from hitting the wyvern.
The wyvern is lightly wounded.
The wyvern barely misses you.
The wyvern bites you but does no damage.
You completely miss the wyvern.
The wyvern is lightly wounded.
The wyvern bites you.
* * * LOW HITPOINT WARNING * * *
A red film seems to cover your vision as you go berserk!
You feel yourself moving faster!
You feel mighty!
You are feeling hungry.
The wyvern bites you but does no damage. x2
You hit the wyvern. You burn the wyvern.
The wyvern is moderately wounded.
The wyvern bites you!
You die...

### ..# ..# ########## ..#
#?.......# ..###........#
.............# ###
..###........######.....
...##...........@l......
)...#........######.....######
.............# #......#...#
....#........# #......#>#.#
...##........## ##......#.#.##
.........................#.#..#
.......########## #......#.##.#
.....#..### #........##.##
..........#### ##......####..#


You could see a wyvern.

Vanquished Creatures
  3 adders (D:2)
  An ooze (D:1)
  2 worms
  3 dart slugs
  2 leopard geckos
  11 bats
  5 giant cockroaches
  4 goblins
  A hobgoblin (D:1)
  3 jackals (D:2)
  2 quokkas (D:3)
  2 ball pythons
  6 frilled lizards
  6 kobolds
  8 rats
59 creatures vanquished.

Notes
Turn   | Place    | Note
-------+----------+-------------------------------------------
     0 | D:1      | Nattfarinn the Gargoyle Berserker began the quest for the Orb.
     0 | D:1      | Reached XP level 1. HP: 14/14 MP: 1/1
    47 | D:1      | Reached XP level 2. HP: 5/20 MP: 2/2
   965 | D:1      | Reached skill level 4 in Fighting
  1053 | D:2      | Reached XP level 3. HP: 24/24 MP: 3/3
  1157 | D:2      | Reached ** piety under Trog
  1426 | D:2      | Reached XP level 4. HP: 30/30 MP: 4/4
  1431 | D:2      | Reached skill level 1 in Axes
  1821 | D:3      | Found a stormy altar of Qazlal.
  2122 | D:3      | Noticed a wyvern
  2131 | D:3      | Slain by a wyvern

Skill      XL: |  1  2  3  4 |
---------------+-------------+-----
Fighting       | 4 |  4.4
Axes           | 1 |  1.4
Armour         | 3 |  3.1
Maces & Flails | |  3.2
Dodging        | |  1.9

Action                   |  1- 3 |  4- 6 || total
-------------------------+-------+-------++-------
Melee: Mace              |    10 |       ||    10
       Hand axe          |    98 |    94 ||   192
Invok: Berserk           |       |     1 ||     1
 Stab: Sleeping          |     2 |       ||     2
  Eat: Chunk             |     2 |     2 ||     4
Armor: Animal skin       |    39 |       ||    39
       Plate armour      |     4 |    67 ||    71
       Ring mail         |     1 |       ||     1
Dodge: Dodged            |    90 |    43 ||   133
